cohdb
Replays
Latest Replays
All Replays
Popular Replays
Top Player Replays
Match Explorer
How It Works
Community
CoH3 Stats
Reddit
Sign in to upload your games and track your stats! →
Sign in with Steam
Match 40841044
Unlisted
Match 40841044
Overview
Messages
Build Orders
End
Royal Engineer Section
Construct Section Command Post
Dingo Light Scout Car
Infantry Section
ML 3-inch Mortar Team
Construct Platoon Command Post
Unlock M3 Stuart Light Tanks
Selects Canadian Shock Battlegroup
Selects Attacking Spirit
Selects Canadian Shock Section
Selects Incendiary Munitions
M3 Stuart Light Tank
Canadian Shock Section
Construct Field Infirmary
Grenade Package
M3 Stuart Light Tank
Infantry Section
Selects Pyrotechnics
Light Vehicle Training
Unlock Bishop Self-propelled Artillery
Bishop Self-propelled Artillery
Selects Churchill Crocodile Heavy Tank
Infantry Section
Selects Point Assault
Churchill Crocodile Heavy Tank
Royal Engineer Section
Armored Vehicle Training
Infantry Section
6-pounder Anti-tank Gun Team
Thermidor
hitkidsnotjuuls
dominguezpersantiago
Nashorn101
0
0
Comments
sign in to comment!
No comments posted yet!